 Dungeon Crawl Stone Soup version 0.28-a0-239-g68911e0c57 (webtiles) character file.

Game seed: 13783601435781373443

620 robertstho the Magician (level 7, 0/70 HPs)
             Began as a Djinni Fire Elementalist on Aug 23, 2021.
             Slain by an orc (2 damage)
             ... on level 6 of the Dungeon.
             The game lasted 00:07:07 (5609 turns).

robertstho the Magician (Djinni Fire Elementalist)  Turns: 5609, Time: 00:07:08

Health: 0/70       AC: 23    Str:  5 (7)  XL:     7   Next: 74%
Gold:   158        EV:  2    Int: 16 (19) God:
                   SH:  0    Dex: 12 (13)

rFire   + . .      SeeInvis .   o - +1 dagger (speed)
rCold   + + .      Faith    .   (no shield)
rNeg    + + +      Spirit   .   (armour currently unavailable)
rPois   ∞          Reflect  +   (helmet currently unavailable)
rElec   +          Harm     .   (cloak currently unavailable)
rCorr   +          Rampage  .   (gloves currently unavailable)
Will    .....      NoTele   +   (boots unavailable)
Stlth   +.........              d - amulet of reflection
HPRegen 0.21/turn               j - ring of protection from cold
MPRegen 0.00/turn               (no ring)

@: confused, mighty, brilliant, tree-form, resistant, attractive
A: stationary, stasis, torment immunity, boosted hp, sickness immunity, (fire
resistance 2), (cold vulnerability 1), float, innate caster, hp casting, extra
vitality 1, (iridescent scales 1), mutation resistance 1
a: no special abilities


You were on level 6 of the Dungeon.
You were a tree.
You visited 1 branch of the dungeon, and saw 5 of its levels.

You collected 158 gold pieces.

Inventory:

Hand Weapons
 o - a +1 dagger of speed (weapon)
Armour
 a - a +0 robe (melded)
 f - a +0 pair of gloves (melded)
Jewellery
 d - an amulet of reflection (around neck)
 j - a ring of protection from cold (left branch)
Scrolls
 e - a scroll of acquirement {unknown}
 p - a scroll of identify
Potions
 c - a potion of brilliance


   Skills:
 * Level 1.2 Fighting
 + Level 3.1 Dodging
 + Level 2.6 Stealth
 * Level 5.8 Spellcasting


You couldn't memorise any spells.
You knew the following spells:

 Your Spells              Type           Power      Damage    Failure   Level
a - Foxfire               Conj/Fire      100%       2x1d9     1%          1
b - Conjure Flame         Conj/Fire      35%        6-21      3%          3
c - Inner Flame           Hex/Fire       35%        N/A       3%          3
d - Sticky Flame          Conj/Fire      35%        2d5       12%         4
e - Fireball              Conj/Fire      17%        3d9       34%         5
f - Shock                 Conj/Air       100%       1d9       1%          1
g - Corpse Rot            Necr/Air       N/A        N/A       1%          2
h - Mephitic Cloud        Conj/Pois/Air  35%        N/A       3%          3
Your spell library was empty.

Dungeon Overview and Level Annotations

Branches:
Dungeon (4/15)
 Temple: D:4-7

Altars:
Hepliaklqana


Innate Abilities, Weirdness & Mutations

You are a tree.
Your roots penetrate the ground, keeping you stationary.
You cannot be teleported.
You are immune to unholy pain and torment.
Your maximum health is greatly increased.
Your equipment is partially melded.
You are immune to sickness and miasma.
You are immune to poison.
((Your flesh is very heat resistant. (rF++)))
((You are vulnerable to cold. (rC-)))
You float through the air rather than walking.
You learn spells naturally, not from books.
Your magical power is your life essence.
You have superior vitality. (+4 HP)
((You are partially covered in iridescent scales. (AC +2)))
You are somewhat resistant to further mutation.


Message History

The orc asks, "Where am I?"
The orc hits you with a +0 mace.
* * * LOW HITPOINT WARNING * * *
Blink to where?
Press: ? - help, Dir - move target
As you read the scroll of blinking, it crumbles to dust.
You are confused.
It was a potion of attraction.
You feel attractive to monsters.
The orc is attracted toward you. x2; The scorpion is attracted toward you.
Something is attracted toward you. The orc is attracted toward you.
It was a potion of resistance.
You feel protected.
The orc hits something with a +0 short sword of venom.
The orc hits you with a +0 mace.
* * * LOW HITPOINT WARNING * * *
The orc is attracted toward you. Something is attracted toward you.
It was a potion of lignification.
You turn into a tree.
Your +0 pair of gloves melds into your body.
Your +0 robe melds into your body.
Your roots penetrate the ground.
The orc hits you but does no damage. Something is attracted toward you.
The orc is attracted toward you.
It was a potion of mutation.
You feel extremely strange.
Iridescent scales grow over part of your body.
You feel genetically stable. Something hits you but does no damage.
The orc misses something.
The orc hits itself with a +0 short sword of venom.
The orc is killed!
The orc hits you but does no damage. The orc is attracted toward you.
You cannot move. (Use ctrl+direction or * direction to attack without moving.)
You swing at nothing.
The scorpion stings you but does no damage.
Something hits you.
* * * LOW HITPOINT WARNING * * *
You miss the scorpion.
The scorpion is severely wounded.
The scorpion stings you.
* * * LOW HITPOINT WARNING * * *
The orc misses something.
The orc hits you with a +0 mace.
You die...

........##
#.##..........##
. ............##
#..............##
.#....)....†...#
...............#
#..)§.>...?......
#.{o.............
#.♣o............#
###s..........###
###......####
########


You could see a scorpion and 2 orcs.

Vanquished Creatures
  A water moccasin (D:6)
  A centaur (D:4)
  An orc priest (D:3)
  A centaur zombie (D:4)
  A hound (D:3)
  A gnoll shaman (D:3)
  4 orc wizards
  6 gnolls (D:3)
  6 adders
  A worm (D:2)
  4 dart slugs
  15 orcs
  6 endoplasms
  3 giant cockroaches
  9 goblins
  5 hobgoblins
  3 quokkas
  8 ball pythons
  7 bats
  2 frilled lizards
  7 kobolds
  3 rats
95 creatures vanquished.

Vanquished Creatures (collateral kills)
  An orc (D:6)
1 creature vanquished.

Vanquished Creatures (others)
  442 foxfires
442 creatures vanquished.

Grand Total: 538 creatures vanquished

Notes
Turn   | Place    | Note
-------+----------+-------------------------------------------
     0 | D:1      | robertstho the Djinni Fire Elementalist began the quest for
                  | the Orb.
     0 | D:1      | Reached XP level 1. HP: 15/15 MP: 0/0
   146 | D:1      | Reached XP level 2. HP: 15/21 MP: 0/0
   879 | D:1      | Reached skill level 3 in Spellcasting
   879 | D:1      | Reached XP level 3. HP: 13/25 MP: 0/0
   879 | D:1      | Learned a level 1 spell: Shock
  1959 | D:2      | Reached XP level 4. HP: 20/31 MP: 0/0
  2276 | D:2      | Found a faded altar of an unknown god.
  2517 | D:2      | Reached XP level 5. HP: 25/35 MP: 0/0
  2517 | D:2      | Learned a level 2 spell: Corpse Rot
  2530 | D:2      | Reached skill level 4 in Spellcasting
  3517 | D:3      | Reached XP level 6. HP: 20/40 MP: 0/0
  4221 | D:3      | Reached skill level 5 in Spellcasting
  4793 | D:3      | Reached XP level 7. HP: 36/46 MP: 0/0
  4793 | D:3      | Learned a level 3 spell: Mephitic Cloud
  5392 | D:4      | Found a hazy altar of Hepliaklqana.
  5416 | D:4      | Reached skill level 1 in Fighting
  5589 | D:4      | You are sucked into a shaft and drop 2 floors!
  5589 | D:6      | Noticed a water moccasin
  5597 | D:6      | Killed a water moccasin
  5607 | D:6      | Gained mutation: You are partially covered in iridescent
                  | scales. (AC +2) [potion of mutation]
  5607 | D:6      | Gained mutation: You are somewhat resistant to further
                  | mutation. [potion of mutation]
  5609 | D:6      | HP: 2/70 [scorpion (3)]
  5609 | D:6      | Slain by an orc

Illustrated notes

Levels and vault maps discovered:
D:1:      nagdon_arrival_double_spiral, layout_loops_corners, serial_glass,
          glass_columns_a, glass_columns_b, minmay_tromino_mix6
D:2:      layout_rooms, ebering_ecumenical_altar_box, minmay_tree_intersection
D:3:      layout_loops_corners, minmay_box_of_dots
D:4:      layout_basic, lemuel_doored_altar, nicolae_qazlal_eye_of_the_storm,
          uniq_menkaure
D:6:      layout_cave_pods, cheibrodos_sewer_entry_bend, minmay_misc_feat_roman

Skill      XL: |  1  2  3  4  5  6  7 |
---------------+----------------------+-----
Spellcasting   | 3 4 5 |  5.8
Stealth        | 2 |  2.6
Dodging        | 3 |  3.1
Fighting       | 1 |  1.2

Action                   |  1- 3 |  4- 6 |  7- 9 || total
-------------------------+-------+-------+-------++-------
Melee: Dagger            |       |       |     1 ||     1
 Cast: Foxfire           |    78 |   169 |    34 ||   281
       Mephitic Cloud    |       |       |     3 ||     3
       Sticky Flame      |       |       |     2 ||     2
  Use: Scroll            |       |     3 |     1 ||     4
       Potion            |       |       |     8 ||     8
Armor: Robe              |     2 |    12 |     2 ||    16
       Skin              |       |       |     4 ||     4
Dodge: Dodged            |     7 |    25 |     8 ||    40
Block: Other             |       |     1 |     2 ||     3
       Reflection        |       |       |     1 ||     1

Table legend: (Time is in decaauts)
 A = Elapsed time spent in this place.
 B = Non-inter-level travel time spent in this place.
 C = Inter-level travel time spent in this place.
 D = Time resting spent in this place.
 E = Time spent auto-exploring this place.
 F = Levels seen in this place.
 G = Mean time per level.
                   A        B        C        D        E       F      G
               +--------+--------+--------+--------+--------+-----+--------+
         Total |   5606 |   5529 |     77 |      0 |   4904 |   5 | 1121.2 |
       Dungeon |   5606 |   5529 |     77 |      0 |   4904 |   5 | 1121.2 |
               +--------+--------+--------+--------+--------+-----+--------+

Top non-repeatable levels by time:
     D:3: 2246 daAuts
     D:1: 1922 daAuts
     D:2: 1079 daAuts
     D:4: 337 daAuts
     D:6: 19 daAuts
